 Dungeon Crawl Stone Soup version 0.27.0-1-g7a089689b8 (webtiles) character file.

Game seed: 13373853620478415541

600 Gunterle the Skirmisher (level 7, -6/54 HPs)
             Began as a Djinni Delver on Aug 4, 2021.
             Mangled by a lemure (8 damage)
             ... led by Pikel
             ... on level 3 of the Dungeon.
             The game lasted 00:24:27 (4265 turns).

Gunterle the Skirmisher (Djinni Delver)             Turns: 4265, Time: 00:24:27

Health: -6/54      AC:  4    Str: 13    XL:     7   Next: 69%
Gold:   173        EV: 13    Int: 12    God:
                   SH:  0    Dex: 14

rFire    + + .     SeeInvis .   C - +0 rapier
rCold    . . .     Faith    .   (no shield)
rNeg     . . .     Spirit   .   b - +0 leather armour
rPois    ∞         Reflect  .   (no helmet)
rElec    .         Harm     .   x - +0 cloak
rCorr    .         Rampage  .   (no gloves)
Will     .....                  (boots unavailable)
Stlth    +++.......             (no amulet)
HPRegen  0.18/turn              w - ring of protection from cold
MPRegen  0.00/turn              (no ring)

@: flying, hasted, very quick
A: sickness immunity, fire resistance 2, cold vulnerability 1, float, innate
caster, hp casting, extra vitality 1
a: no special abilities


You were on level 3 of the Dungeon.
You visited 1 branch of the dungeon, and saw 6 of its levels.

You collected 173 gold pieces.

Inventory:

Hand Weapons
 a - a +0 short sword
 i - a +0 long sword
 m - a +0 hunting sling
 C - a +0 rapier (weapon)
Missiles
 h - 137 stones
 n - 5 boomerangs
 p - 29 arrows
 s - 75 bolts
 v - 6 poisoned darts (quivered)
Armour
 b - a +0 leather armour (worn)
 j - a scarf of harm
 x - a +0 cloak (worn)
Jewellery
 w - a ring of protection from cold (left hand)
Wands
 g - a wand of digging (10)
Scrolls
 c - 2 scrolls of fog
 d - 3 scrolls of magic mapping
 e - a scroll of fear
 l - 2 scrolls of identify
 q - 2 scrolls of amnesia
 u - 2 scrolls of teleportation
 z - a scroll of acquirement {unknown}
 A - a scroll of noise {unknown}
Potions
 k - a potion of magic
 r - 3 potions of resistance
 t - 2 potions of curing
 B - a potion of attraction


   Skills:
 * Level 5.2 Fighting
 * Level 4.3 Short Blades
 * Level 2.3 Armour
 + Level 4.0 Dodging
 - Level 4.6 Stealth


You couldn't memorise any spells.
You knew the following spells:

 Your Spells              Type           Power      Damage    Failure   Level
a - Beastly Appendage     Tmut           0%         N/A       38%         1
b - Static Discharge      Conj/Air       0%         N/A       54%         2
c - Inner Flame           Hex/Fire       0%         N/A       77%         3
Your spell library was empty.

Dungeon Overview and Level Annotations

Branches:
Dungeon (6/15)
 Temple: D:4-7

Altars:
Ashenzari
Cheibriados
Makhleb
Nemelex Xobeh
Ru

Annotations:
D:3 Pikel
D:4 Dowan, Duvessa


Innate Abilities, Weirdness & Mutations

You are immune to sickness and miasma.
You are immune to poison.
Your flesh is very heat resistant. (rF++)
You are vulnerable to cold. (rC-)
You float through the air rather than walking.
You learn spells naturally, not from books.
Your magical power is your life essence.
You have superior vitality. (+4 HP)


Message History

You hit Pikel.
Pikel is moderately wounded.
Pikel hits you but does no damage.
You hit Pikel but do no damage.
Pikel is moderately wounded.
Pikel misses you.
You puncture Pikel!
Pikel is heavily wounded.
The lemure barely misses you.
You barely miss Pikel.
Pikel is heavily wounded.
Pikel hits you with a +2 whip of electrocution.
The lemure barely misses you.
You are too injured to fight recklessly!
You are too injured to fight recklessly!
You are too injured to fight recklessly!
You are too injured to fight recklessly!
You are too injured to fight recklessly!
You are too injured to fight recklessly!
You are too injured to fight recklessly!
You are too injured to fight recklessly!
You are too injured to fight recklessly!
You are too injured to fight recklessly!
You are too injured to fight recklessly!
You are too injured to fight recklessly!
You are too injured to fight recklessly!
You are too injured to fight recklessly!
You are too injured to fight recklessly!
You are too injured to fight recklessly!
You are too injured to fight recklessly!
You are too injured to fight recklessly!
You are too injured to fight recklessly!
Pikel hits you with a +2 whip of electrocution.
You are electrocuted!
* * * LOW HITPOINT WARNING * * *
You fly upwards.
There is a stone staircase leading down here.
Okay, then.
The lemure hits you!
You die...

#####..####.#....#..
#....<...##.####....
####.######.#..####....
##......................
#...#########.......###.
########### ##.#.#.....#
#....# ##...#####..
#.<..###...## ##.
#.@.......## #####
#.5>.###.######.<..
#..K.# #........###
###### #.########## ###
##. #.. #.# #.. ##.


You could see Pikel (poisoned) and a lemure.

Vanquished Creatures
  Sigmund (D:2)
  A sky beast (D:4)
  3 lemures
  2 hounds
  An iguana (D:3)
  Natasha (thrice) (D:4)
  An orc wizard (D:3)
  A hound skeleton (D:4)
  5 gnolls
  3 adders
  An adder skeleton (D:4)
  2 worms
  2 dart slugs (D:1)
  2 orcs
  7 ball pythons
  7 bats
  3 endoplasms
  7 giant cockroaches
  5 goblins
  4 hobgoblins
  6 jackals
  4 quokkas
  3 frilled lizards
  3 kobolds
  4 rats
81 creatures vanquished.

Notes
Turn   | Place    | Note
-------+----------+-------------------------------------------
     0 | D:5      | Gunterle the Djinni Delver began the quest for the Orb.
     0 | D:5      | Reached XP level 1. HP: 20/20 MP: 0/0
    25 | D:6      | Found a burning altar of Makhleb.
    26 | D:6      | Noticed a kobold brigand
   103 | D:2      | Reached XP level 2. HP: 25/25 MP: 0/0
   108 | D:2      | Reached XP level 3. HP: 30/30 MP: 0/0
   108 | D:2      | Learned a level 1 spell: Beastly Appendage
   234 | D:2      | Noticed Sigmund
   238 | D:2      | Killed Sigmund
   239 | D:2      | Reached skill level 4 in Fighting
   239 | D:2      | Reached XP level 4. HP: 29/37 MP: 0/0
   239 | D:2      | Reached XP level 5. HP: 32/41 MP: 0/0
   239 | D:2      | Learned a level 2 spell: Static Discharge
   322 | D:1      | Reached XP level 6. HP: 45/47 MP: 0/0
   347 | D:1      | Noticed a shining eye
   349 | D:1      | Found a faded altar of an unknown god.
   658 | D:1      | Noticed a floating eye
   667 | D:1      | Noticed a golden eye
   671 | D:1      | Noticed a floating eye
  1363 | D:3      | Found a sparkling altar of Nemelex Xobeh.
  1559 | D:3      | Found a sacrificial altar of Ru.
  1602 | D:3      | Reached skill level 1 in Armour
  2353 | D:4      | Noticed Dowan
  2373 | D:5      | Found a snail-covered altar of Cheibriados.
  2507 | D:4      | Reached XP level 7. HP: 52/53 MP: 0/0
  2507 | D:4      | Learned a level 3 spell: Inner Flame
  2689 | D:4      | Found a broken altar of Ashenzari.
  2813 | D:4      | Reached skill level 5 in Fighting
  2841 | D:4      | Noticed Pikel
  3159 | D:4      | Noticed Natasha
  3162 | D:4      | Killed Natasha
  3214 | D:4      | Noticed Natasha
  3225 | D:4      | Killed Natasha
  3302 | D:4      | Noticed Natasha
  3314 | D:4      | Killed Natasha
  3451 | D:4      | Noticed Duvessa
  4263 | D:4      | HP: 2/54 [Pikel (17)]
  4265 | D:3      | Mangled by a lemure

Illustrated notes

Levels and vault maps discovered:
D:1:      dpeg_arrival_simpleton_a, layout_rooms,
          hellmonk_ecumenical_altar_watching_god, minmay_worlds_worst_comb
D:2:      layout_rooms, uniq_sigmund
D:3:      layout_rooms, nicolae_ru_great_annihilating_truth,
          nemelex_diamond_rough_becter, minmay_misc_feat_secret_circle,
          kennysheep_pointless_box
D:4:      layout_loops_ring, nicolae_ashenzari_skybound,
          minmay_temple_entry_drinking_statues, uniq_natasha, uniq_duvessa,
          uniq_pikel
D:5:      layout_basic, mainiacjoe_overflow_small_starburst,
          kennysheep_little_box, serial_shops, shop_statue
D:6:      layout_cave_pools, okawaru_altar_gauntlet_db, general_overflow_altar,
          st_stairs_5

Skill      XL: |  1  2  3  4  5  6  7 |
---------------+----------------------+-----
Short Blades   | 2 3 4 |  4.3
Fighting       | 4 5 |  5.2
Dodging        | 3 4 |  4.0
Armour         | 1 2 |  2.3
Stealth        | |  4.6

Action                   |  1- 3 |  4- 6 |  7- 9 || total
-------------------------+-------+-------+-------++-------
Melee: Short sword       |    10 |   155 |     7 ||   172
       Headbutt          |       |     3 |     1 ||     4
       Rapier            |       |       |   123 ||   123
Throw: Dart              |     7 |    61 |    31 ||    99
       Stone             |     1 |       |       ||     1
       Boomerang         |       |    36 |     8 ||    44
 Cast: Beastly Appendage |     1 |     3 |     1 ||     5
  Use: Scroll            |       |       |     8 ||     8
       Potion            |       |       |     1 ||     1
 Stab: Sleeping          |       |     6 |       ||     6
Armor: Leather armour    |     9 |    63 |    15 ||    87
Dodge: Dodged            |    13 |   119 |    65 ||   197
